 Dungeon Crawl Stone Soup version 0.31-a0-188-g5e087ee2ca (webtiles) character file.

Game seed: 3928252940346216486

114 qw the Skirmisher (level 4, -4/25 HPs)
             Began as a Deep Elf Hunter on June 22, 2023.
             Was an Initiate of Okawaru.
             Killed from afar by a steam dragon (19 damage)
             ... with a ball of steam
             ... on level 4 of the Dungeon.
             The game lasted 00:00:53 (2896 turns).

qw the Skirmisher (Deep Elf Hunter)                 Turns: 2896, Time: 00:00:54

Health: -4/25      AC:  6    Str:  9 (10) XL:     4   Next: 67%
Magic:  6/6        EV: 11    Int: 13 (14) God:    Okawaru [......]
Gold:   250        SH:  0    Dex: 18      Spells: 3/3 levels left

rFire   . . .        Y - +1 shortbow
rCold   . . .        (shield currently unavailable)
rNeg    . . .        h - +0 ring mail
rPois   .            i - +0 helmet
rElec   .            (no cloak)
rCorr   .            (no gloves)
SInv    .            (no boots)
Will    .....        (no amulet)
Stlth   +            (no ring)
HPRegen 0.24/turn    (no ring)
MPRegen 0.10/turn

%: no passive effects
@: no status effects
A: no striking features
a: Renounce Religion


You were on level 4 of the Dungeon.
You worshipped Okawaru.
Okawaru was noncommittal.
You visited 1 branch of the dungeon, and saw 4 of its levels.

You collected 250 gold pieces.


   Skills:
 - Level 1.5 Fighting
 + Level 8.1 Ranged Weapons
 - Level 2.4 Dodging
 - Level 1.2 Stealth


You had 3 spell levels left.
You didn't know any spells.
Your spell library was empty.

Inventory:

Hand Weapons
 Y - a +1 shortbow (weapon)
Armour
 h - a +0 ring mail (worn)
 i - a +0 helmet (worn)
Scrolls
 b - a scroll of identify
Potions
 a - a potion of might
 c - 4 potions of curing
 d - a potion of heal wounds {unknown}
 f - a potion of haste {unknown}

Dungeon Overview and Level Annotations

Branches:
Dungeon (4/15)
 Temple: D:4-7

Altars:
Cheibriados
Dithmenos
Fedhas
Okawaru
Wu Jian
Zin


Message History

Enter note:
Enter note: You see here a book of Dangerous Friends.
A steam dragon comes into view.
The steam dragon hisses angrily.
Enter note:
Enter note:
Enter note: You shoot an arrow.
The arrow hits the steam dragon but does no damage.
The steam dragon breathes steam at you. The ball of steam hits you!
You hear an angry hiss.
2889 ||| Stepping ~*~*~tactically~*~*~ (cloud).
You start resting.
A scorpion comes into view.
You shoot an arrow. The arrow hits the scorpion.
The scorpion is lightly wounded.
You shoot an arrow. The arrow hits the steam dragon!
The steam dragon is moderately wounded.
You shoot an arrow.
The arrow barely misses the steam dragon.
The arrow hits the scorpion but does no damage.
The scorpion is lightly wounded.
You shoot an arrow. The arrow hits the steam dragon.
The steam dragon is moderately wounded.
The steam dragon closely misses you.
The steam dragon claws you but does no damage.
You shoot an arrow.
The arrow completely misses the steam dragon.
The scorpion barely misses you. The steam dragon bites you.
The steam dragon barely misses you.
You shoot an arrow. The arrow hits the steam dragon.
The steam dragon is moderately wounded.
The scorpion stings you.
An iguana comes into view.
The steam dragon breathes steam at you. The ball of steam hits you!!
Ouch! That really hurt!
You die...

## ## #. ###
##. ##. #...
...##.. #.. ...
...... ##..
##..# #....
##... #...#
#... .l#....###
#..# #...
.......D@###..#
##...
.......s.....#
#....
..######.....#
##.:.# ####..#
##..### ##.##
##..## #..#
##..##
##.###..##
#######.##..##
...........## #


You could see a steam dragon (catching breath), a scorpion and an iguana.

Vanquished Creatures
  4 adders
  4 worms
  2 dart slugs
  An orc (D:4)
  8 ball pythons
  2 endoplasms (D:1)
  2 giant cockroaches
  3 hobgoblins
  6 jackals
  3 quokkas (D:1)
  4 bats
  4 frilled lizards
  5 goblins
  7 kobolds
  5 rats
60 creatures vanquished.

Notes
Turn   | Place    | Note
-------+----------+-------------------------------------------
     0 | D:1      | qw the Deep Elf Hunter began the quest for the Orb.
     0 | D:1      | Reached XP level 1. HP: 12/12 MP: 3/3
     0 | D:1      | 0 ||| qw: Version: 0.3-a-9-g12657ce
     0 | D:1      | 0 ||| qw: Game counter: 3050
     0 | D:1      | 0 ||| qw: Always use a shield: true
     0 | D:1      | 0 ||| qw: God list: Okawaru
     0 | D:1      | 0 ||| qw: Allow faded altars: false
     0 | D:1      | 0 ||| qw: Do Orc after D:15 true
     0 | D:1      | 0 ||| qw: Do second Lair branch before Depths: true
     0 | D:1      | 0 ||| qw: Lair rune preference: random
     0 | D:1      | 0 ||| qw: Plans: Normal
     0 | D:1      | 0 ||| PLANNING D:1-11
   107 | D:1      | Reached XP level 2. HP: 16/16 MP: 4/4
   110 | D:1      | Reached skill level 6 in Ranged Weapons
   499 | D:1      | Reached XP level 3. HP: 20/20 MP: 5/5
   864 | D:1      | 864 ||| UPGRADING to +0 ring mail.
   874 | D:1      | 874 ||| DROPPING +0 leather armour.
   875 | D:1      | 875 ||| UPGRADING to +0 helmet.
   880 | D:1      | 880 ||| READING scroll labelled HETZUSTR KOMMEU.
   885 | D:1      | 885 ||| READING scroll labelled WIGGA NETYI.
   886 | D:1      | 886 ||| READING scroll labelled BUCSUG NYULU.
   887 | D:1      | 887 ||| READING scroll labelled YJOROUG DIGH.
   888 | D:1      | 888 ||| READING scroll labelled FIOQOT NUISE.
   889 | D:1      | 889 ||| READING scroll labelled BUEFIPT GAULONE.
   890 | D:1      | 890 ||| DRINKING 2 dark potions.
   936 | D:1      | 936 ||| DROPPING scroll of butterflies.
   937 | D:1      | 937 ||| DROPPING potion of lignification.
  1029 | D:2      | Reached skill level 7 in Ranged Weapons
  1178 | D:2      | Reached XP level 4. HP: 25/25 MP: 6/6
  1295 | D:2      | 1295 ||| READING scroll labelled YFEDUNGISTRYL.
  1296 | D:2      | 1296 ||| DRINKING 2 brown potions.
  1297 | D:2      | 1297 ||| DRINKING 3 bubbling emerald potions.
  1298 | D:2      | 1298 ||| DROPPING potion of degeneration.
  1758 | D:3      | Found a snail-covered altar of Cheibriados.
  1760 | D:3      | Found a blossoming altar of Fedhas.
  1762 | D:3      | Found an iron altar of Okawaru.
  1763 | D:3      | 1763 ||| PLANNING OKAWARU WORSHIP
  1770 | D:3      | Became a worshipper of Warmaster Okawaru
  1771 | D:3      | 1771 ||| PLANNING D:1-11
  1773 | D:3      | Found a shadowy altar of Dithmenos.
  1777 | D:3      | Found a glowing silver altar of Zin.
  2089 | D:3      | Found an ornate altar of the Wu Jian Council.
  2109 | D:3      | Reached skill level 8 in Ranged Weapons
  2317 | D:3      | 2317 ||| DRINKING 2 lumpy dark potions.
  2887 | D:4      | Noticed a steam dragon
  2889 | D:4      | 2889 ||| Stepping ~*~*~tactically~*~*~ (cloud).
  2891 | D:4      | Noticed a scorpion
  2896 | D:4      | Killed from afar by a steam dragon

Levels and vault maps discovered:
D:1:      psy_arrival_radial02, layout_loops_ring
D:2:      layout_rooms, minmay_misc_feat_square
D:3:      layout_basic, lemuel_tele_altar, minmay_overflow_temple_star_hex
D:4:      layout_layer_cave, grunt_ministairs_7, minmay_crystal_room,
          minmay_misc_feat_doors, abandoned_shop

Skill      XL: |  1  2  3  4 |
---------------+-------------+-----
Ranged Weapons | 6 7 8 |  8.1
Fighting       | |  1.5
Dodging        | |  2.4
Stealth        | |  1.2

Action                     |  1- 3 |  4- 6 || total
---------------------------+-------+-------++-------
   Fire: Shortbow          |   116 |    79 ||   195
    Use: Scroll            |     6 |     1 ||     7
         Potion            |     1 |     3 ||     4
 Armour: Leather armour    |     9 |       ||     9
         Ring mail         |     5 |     6 ||    11
  Dodge: Dodged            |    26 |    17 ||    43

Table legend:
 A = Non-vault XP
 B = Vault XP
 C = Vault XP percentage of total XP
 D = Non-vault monster count
 E = Vault monster count
 F = Vault count percentage of total count
                 A         B        C        D         E       F
            +---------+---------+-------+---------+---------+-------
      Total |     164 |       0 |   0.0 |      60 |       0 |   0.0
            +---------+---------+-------+---------+---------+-------
        D:1 |      47 |       0 |   0.0 |      27 |       0 |   0.0
        D:2 |      60 |       0 |   0.0 |      18 |       0 |   0.0
        D:3 |      48 |       0 |   0.0 |      12 |       0 |   0.0
        D:4 |       9 |       0 |   0.0 |       3 |       0 |   0.0
            +---------+---------+-------+---------+---------+-------
